 Dungeon Crawl Stone Soup version 0.29-a0-393-g47a863cc1b (webtiles) character file.

Game seed: 15050350437054300867

1 HendSelp the Grasshopper (level 1, -8/19 HPs)
             Began as a Naga Warper on May 10, 2022.
             Mangled by a gnoll
             ... wielding a +2 antimagic spear
              (10 damage)
             ... on level 1 of the Dungeon.
             The game lasted 00:00:50 (113 turns).

HendSelp the Grasshopper (Naga Warper)               Turns: 113, Time: 00:00:50

Health: -8/19      AC:  1    Str: 13    XL:     1   Next: 20%
Magic:  1/3        EV:  9    Int: 13    God:
Gold:   6          SH:  0    Dex: 10    Spells: 4/4 levels left

rFire   . . .      SeeInvis +   a - +0 mace
rCold   . . .      Faith    .   (no shield)
rNeg    . . .      Spirit   .   b - +0 leather armour
rPois   +          Reflect  .   (no helmet)
rElec   .          Harm     .   (no cloak)
rCorr   .          Rampage  .   (no gloves)
Will    .....                   (no barding)
Stlth   +.........              (no amulet)
HPRegen 0.06/turn               (no ring)
MPRegen 0.08/turn               (no ring)

@: short of breath, very slow
A: AC +0, large, see invisible, deformed body, poison resistance, slowness 2,
spit poison 1, naga tail 1
a: Spit Poison


You were on level 1 of the Dungeon.
You visited 1 branch of the dungeon, and saw 1 of its levels.

You collected 6 gold pieces.

Inventory:

Hand Weapons
 a - a +0 mace (weapon)
Missiles
 d - 7 boomerangs of dispersal
Armour
 b - a +0 leather armour (worn)


   Skills:
 + Level 2.0 Fighting
 + Level 2.0 Maces & Flails
 - Level 0.8 Throwing
 - Level 0.7 Armour
 - Level 1.5 Dodging
 + Level 2.0 Spellcasting
 + Level 3.0 Translocations


You had 4 spell levels left.
You didn't know any spells.
Your spell library contained the following spells:

 Spells                   Type           Power      Damage    Failure   Level
 Blink                    Tloc           18%        N/A       14%         2
 Gell's Gravitas          Tloc           9%         N/A       28%         3
 Lesser Beckoning         Tloc           9%         N/A       28%         3
 Teleport Other           Tloc           9%         N/A       28%         3
 Manifold Assault         Tloc           9%         N/A       95%         5


Dungeon Overview and Level Annotations

Branches:
Dungeon (1/15)

Altars:


Innate Abilities, Weirdness & Mutations

Your serpentine skin is tough. (AC +0)
You have supernaturally acute eyesight. (SInv)
Armour fits poorly on your strangely shaped body.
Your system is resistant to poisons. (rPois)
You cover ground very slowly.
You can spit poison.
You have a snake-like lower body.


Message History

Unknown command.
Aiming: Spit Poison (3% risk of failure)
Press: ? - help, Q - select action, (/) - cycle Shift-Dir - straight line, f/p - gnoll
Aim: a gnoll, wielding a +2 antimagic spear (59% to hit)
The splash of poison hits the gnoll.
The gnoll is moderately wounded.
The gnoll hits you with a +2 antimagic spear.
* * * LOW HITPOINT WARNING * * *
You feel your power leaking away.
Unknown command.
Unknown command.
Unknown command.
Unknown command.
Unknown command.
Unknown command.
Unknown command.
Unknown command.
Unknown command.
Blink to where?
Press: ? - help, Dir - move target, p - gnoll
As you read the scroll of blinking, it crumbles to dust.
You have got your breath back.
Aiming: Spit Poison (3% risk of failure)
Press: ? - help, Shift-Dir - straight line, f - gnoll
Aim: a gnoll, wielding a +2 antimagic spear (moderately wounded, 59% to hit)
The splash of poison hits the gnoll.
The gnoll is poisoned.
The gnoll is heavily wounded.
Unknown command.
Unknown command.
Unknown command.
You have got your breath back.
The gnoll looks more healthy.
Aiming: Spit Poison (3% risk of failure)
Press: ? - help, Q - select action, (/) - cycle Shift-Dir - straight line, f/p - gnoll
Aim: a gnoll, wielding a +2 antimagic spear (heavily wounded, 59% to hit)
The splash of poison hits the gnoll.
The gnoll is almost dead.
The gnoll hits you from afar with a +2 antimagic spear!
Ouch! That really hurt!
You die...

#...... ####...
#... ####...
#...... #.#
#...... #####.#
#...... #...#.#
####... #@#.# #...
#.#.# ####...
#g#.# #......
#.#.###### #......
#r#......###......
#.#.####..........
#.#.# ###########
....#.#####.#.#
#............#.#


You could see a gnoll and a rat.

Vanquished Creatures
  An endoplasm (D:1)
1 creature vanquished.

Notes
Turn   | Place    | Note
-------+----------+-------------------------------------------
     0 | D:1      | HendSelp the Naga Warper began the quest for the Orb.
     0 | D:1      | Reached XP level 1. HP: 19/19 MP: 3/3
   113 | D:1      | Mangled by a gnoll

Illustrated notes

Levels and vault maps discovered:
D:1:      minmay_arrival_hallway, layout_basic

Action                   || total
-------------------------++-------
Melee: Mace              ||     4
 Abil: Spit Poison       ||     3
  Use: Scroll            ||     1
Armor: Leather armour    ||     1
Dodge: Dodged            ||     1

Table legend: (Time is in decaauts)
 A = Elapsed time spent in this place.
 B = Non-inter-level travel time spent in this place.
 C = Inter-level travel time spent in this place.
 D = Time resting spent in this place.
 E = Time spent auto-exploring this place.
 F = Levels seen in this place.
 G = Mean time per level.
                   A        B        C        D        E       F      G
               +--------+--------+--------+--------+--------+-----+--------+
         Total |    136 |    136 |      0 |      0 |    106 |   1 |  136.0 |
       Dungeon |    136 |    136 |      0 |      0 |    106 |   1 |  136.0 |
               +--------+--------+--------+--------+--------+-----+--------+

Top non-repeatable levels by time:
     D:1: 136 daAuts
